 Dungeon Crawl Stone Soup version 0.30-a0-292-g0f741e3f8e (webtiles) character file.

Game seed: 4731390860557277662

171 ytrimaz the Stinger (level 5, -6/33 HPs)
             Began as an Octopode Transmuter on Oct 17, 2022.
             Killed by divine providence
             ... invoked by an orc priest
              (11 damage)
             ... on level 3 of the Dungeon.
             The game lasted 00:03:45 (2250 turns).

ytrimaz the Stinger (Octopode Transmuter)           Turns: 2250, Time: 00:03:46

Health: -6/33      AC:  1    Str:  9    XL:     5   Next: 51%
Magic:  7/8        EV: 13    Int: 18    God:
Gold:   87         SH:  0    Dex: 12    Spells: 2/8 levels left

rFire   . . .      SeeInvis .      - Unarmed
rCold   . . .      Faith    .    (no shield)
rNeg    . . .      Spirit   .    (helmet restricted)
rPois   .          Reflect  .    (no amulet)
rElec   .          Harm     .    (no ring)
rCorr   .          Rampage  .    (no ring)
Will    .....                    (no ring)
Stlth   ++........               (no ring)
HPRegen 0.25/turn                (no ring)
MPRegen 0.11/turn                (no ring)
                                 (no ring)
                                 (no ring)

@: about to teleport
A: almost no armour, amphibious, 8 rings, camouflage 1, gelatinous body 1,
(nimble swimmer 1), tentacles
a: no special abilities


You were on level 3 of the Dungeon.
You visited 1 branch of the dungeon, and saw 3 of its levels.

You collected 87 gold pieces.


Innate Abilities, Weirdness & Mutations

You cannot wear most types of armour.
You are amphibious.
You can wear up to eight rings at the same time.
Your skin changes colour to match your surroundings (Stealth+).
Your rubbery body absorbs attacks. (AC +1, EV +1)
((You are camouflaged when in or above water. (Stealth+)))
You have tentacles for arms and can constrict up to eight enemies at once.


   Skills:
 - Level 1.0 Fighting
 - Level 2.0 Dodging
 - Level 3.0 Unarmed Combat
 - Level 2.0 Spellcasting
 - Level 2.0 Transmutations
 + Level 3.6 Ice Magic
 - Level 4.0 Poison Magic


You had 2 spell levels left.
You knew the following spells:

 Your Spells              Type           Power      Damage    Failure   Level
a - Beastly Appendage     Tmut           18%        N/A       8%          1
b - Wereblood             Tmut           9%         N/A       12%         2
c - Spider Form           Tmut/Pois      12%        N/A       16%         3

Your spell library contained the following spells:

 Spells                   Type           Power      Damage    Failure   Level
 Necrotise                Necr           4%         1d4       19%         1
 Ignite Poison            Fire/Tmut/Pois 9%         N/A       24%         3
 Vampiric Draining        Necr           1%         2d6       47%         3
 Ice Form                 Ice/Tmut       11%        N/A       50%         4
 Sticky Flame             Conj/Fire      1%         2d3       87%         4
 Agony                    Necr           1%         N/A       99%         5
 Ignition                 Fire           0%         3d3       100%        8

Inventory:

Jewellery
 f - a ring of ice
   (You found it on level 3 of the Dungeon)
Scrolls
 a - a scroll of amnesia
Potions
 c - a potion of heal wounds
 d - 2 potions of cancellation {unknown}
 e - a potion of brilliance {unknown}

Dungeon Overview and Level Annotations

Branches:
Dungeon (3/15) Zot: 15758

Altars:
Yredelemnul

Shops:
D:3

*
******,,,,,,,,,#.#,*****,****,*,*
*,,,,,,,,,#.#,,,***,*,,*,*,*
**+**+****#.#**,*,,,*,,,,*,*
*,**,****#.#,,,***,**,***,*
*,,,,,,,,...,,,,,,,,,,***,*
******#**,,,,**#o#**,,,,,,,,,,,,,
,,,,,,..*,,,,* #o# ******,*****,,
***####.*,,,,* #.#**,,,,,,*****,,
,,,,....,,,*** #@#,,,,,,,,,,,,*,,
,,,,,...#*** #.#,,,,,,,,,,,,*,*
,,,,,,#..* ###.#,,,,,,,,,,,,*,*
,,,*#.#..#####...+,,,,,,,,,,,,*,*
,,,*#.#........#.#,,,,,,,,,,,,*,,
,,,,#.....####.#.#,,,,,,,,,,,,,,,
,,...##..<####.#.#***,,,,,****,,,
,*.#........####.##**,,,,,***,,**
,,,####............,*,,,,,,,,,,,,


You could see an orc priest and an orc.


Message History

Unknown command.
You bump into the rock wall.
The orc wizard points at you and mumbles some strange words.
You are more confused.
An orc priest comes into view. It is wielding a +0 whip.
You bump into the rock wall.
The orc wizard hits you with a +0 dagger. 😕 HP[-4]
You take 4 damage, and now have 29/33 hp.
You closely miss the orc wizard. The orc wizard closely misses you.
You are too confused!
You hit the orc wizard.
The orc wizard is poisoned.
The orc wizard points at you and mumbles some strange words.
The magic dart hits you! 😮 HP[-8]
You take 8 damage, and now have 21/33 hp.
MASSIVE DAMAGE!! (PAUSE)
You are too injured to fight recklessly!
You hit the orc wizard.
The orc wizard closely misses you. 😮 HP[+1] Unknown command.
It was a potion of heal wounds.
You feel much better.
The orc wizard closely misses you. 😎 HP[+11] MP[+1]
Your hp is fully restored (33).
Unknown command.
Okay, then.
You bump into the rock wall.
The orc wizard barely misses you.
Unknown command.
You barely miss the orc wizard.
The orc wizard hits you with a +0 dagger. 😕 HP[-1]
You take 1 damage, and now have 32/33 hp.
Unknown command.
You bump into the rock wall.
The orc wizard casts a spell at you. You resist with some effort. 😎 HP[+1]
Your hp is fully restored (33).
Unknown command.
You bump into the rock wall.
Your transformation is almost over.
The orc wizard barely misses you.
You hit the orc wizard but do no damage.
You feel less confused. The orc wizard misses you.
Unknown command.
Okay, then.
You hit the orc wizard.
The orc wizard looks even sicker.
You kill the orc wizard!
Okay, then.
You barely miss the orc.
The orc hits you with a +0 whip. 😕 HP[-3]
You take 3 damage, and now have 30/33 hp.
Unknown command.
You hit the orc.
The orc priest miscasts a cantrip.
The orc hits you but does no damage.
You barely miss the orc.
The orc hits you with a +0 whip. 😕 HP[-4] MP[+1]
You take 4 damage, and now have 26/33 hp.
Unknown command.
You hit the orc. The orc completely misses you.
You hit the orc.
You kill the orc! 😕 HP[+1] Unknown command.
Casting: Spider Form (quite dangerous; 34% risk of failure)
Confirm with . or Enter, or press ? or * to list all spells.
The spell is quite dangerous to miscast (34% risk of failure)!
Continue anyway?
Okay, then.
You hit the orc.
The orc is poisoned.
The orc hits you but does no damage.
The orc priest calls down the wrath of Beogh upon you.
Beogh smites you!
* * * LOW HITPOINT WARNING * * *
😨 HP[-12]
You take 12 damage, and now have 15/33 hp.
MASSIVE DAMAGE!! (PAUSE)
You hit the orc but do no damage.
The orc looks as sick as possible!
Your transformation has ended.
The orc priest calls down the wrath of Beogh upon you.
Beogh smites you!
* * * LOW HITPOINT WARNING * * *
The orc barely misses you. 😱 HP[-7]
You take 7 damage, and now have 8/33 hp.
MASSIVE DAMAGE!! (PAUSE)
You barely miss the orc. You grab the orc. You constrict the orc.
The orc misses you.
As you read the scroll of teleportation, it crumbles to dust.
You feel strangely unstable.
You constrict the orc.
You kill the orc! 😨 HP[+1]
The orc priest attacks as you move away!
The orc priest hits you with a +0 whip.
* * * LOW HITPOINT WARNING * * *
The orc priest invokes the aid of Beogh against you.
Beogh smites you!
You die...

Skill      XL: |  1  2  3  4  5 |
---------------+----------------+-----
Poison Magic   | 1 3 4 |  4.0
Ice Magic      | 1 2 3 |  3.6
Fighting       | |  1.0
Dodging        | |  2.0
Unarmed Combat | |  3.0
Spellcasting   | |  2.0
Transmutations | |  2.0

Action                   |  1- 3 |  4- 6 || total
-------------------------+-------+-------++-------
Melee: Unarmed           |    59 |    96 ||   155
       Tentacles         |    10 |     9 ||    19
       Kick              |    16 |     6 ||    22
       Constrict         |    10 |     8 ||    18
 Cast: Beastly Appendage |    14 |     5 ||    19
       Wereblood         |     1 |     1 ||     2
       Spider Form       |       |    10 ||    10
  Use: Scroll            |     2 |     4 ||     6
       Potion            |     1 |     1 ||     2
 Stab: Sleeping          |     4 |     1 ||     5
Armor: Skin              |    31 |    10 ||    41
Dodge: Dodged            |    22 |    88 ||   110

Levels and vault maps discovered:
D:1:      mushboom_english_gardens, layout_loops_ring, hangedman_decor_lopped,
          serial_bayou_crossing
D:2:      layout_basic, basic_altar, kennysheep_generic_room_11, uniq_jessica
D:3:      layout_basic, grunt_temple_overflow_open, serial_shops, shop

Notes
Turn   | Place    | Note
-------+----------+-------------------------------------------
     0 | D:1      | ytrimaz the Octopode Transmuter began the quest for the
                  | Orb.
     0 | D:1      | Reached XP level 1. HP: 13/13 MP: 3/3
     0 | D:1      | magus.rc [v1.9.6]
    48 | D:1      | Reached skill level 1 in Poison Magic
   124 | D:1      | Reached XP level 2. HP: 18/18 MP: 3/5
   278 | D:1      | Reached skill level 2 in Poison Magic
   357 | D:1      | You add the spells Ignite Poison, Sticky Flame and Ignition
                  | to your library.
   505 | D:1      | Learned a level 2 spell: Wereblood
   865 | D:2      | Reached skill level 3 in Poison Magic
   865 | D:2      | Reached XP level 3. HP: 23/23 MP: 6/6
   872 | D:2      | Reached skill level 4 in Poison Magic
   874 | D:2      | Reached skill level 1 in Ice Magic
   874 | D:2      | Reached XP level 4. HP: 28/28 MP: 4/7
  1151 | D:2      | Learned a level 3 spell: Spider Form
  1177 | D:2      | Reached skill level 2 in Ice Magic
  1311 | D:2      | Noticed Jessica
  1318 | D:2      | Killed Jessica
  1319 | D:2      | Reached XP level 5. HP: 32/33 MP: 4/8
  1400 | D:2      | HP: 8/33 [jackal (3)]
  1402 | D:2      | Reached skill level 3 in Ice Magic
  1515 | D:2      | Found a basalt altar of Yredelemnul.
  1687 | D:2      | You pick up a book of Necromancy and begin reading...
  1687 | D:2      | You add the spells Necrotise, Vampiric Draining and Agony
                  | to your library.
  2126 | D:3      | Found Uleozye's Assorted Antiques.
  2247 | D:3      | HP: 8/33 [orc priest/divine providence (7)]
  2250 | D:3      | Killed from afar by an orc priest

Vanquished Creatures
  An orc priest (D:2)
  Jessica (D:2)
  An orc wizard (D:3)
  2 adders (D:2)
  3 worms (D:2)
  2 dart slugs
  6 orcs
  5 ball pythons
  2 endoplasms
  A giant cockroach (D:1)
  4 hobgoblins
  4 jackals (D:2)
  9 kobolds
  A quokka (D:1)
  3 bats
  4 frilled lizards
  4 goblins
  6 rats
59 creatures vanquished.

Table legend:
 A = Non-vault XP
 B = Vault XP
 C = Vault XP percentage of total XP
 D = Non-vault monster count
 E = Vault monster count
 F = Vault count percentage of total count
                 A         B        C        D         E       F
            +---------+---------+-------+---------+---------+-------
      Total |     207 |      38 |  15.5 |      57 |       2 |   3.4
            +---------+---------+-------+---------+---------+-------
        D:1 |      31 |       0 |   0.0 |      21 |       0 |   0.0
        D:2 |     126 |      38 |  23.2 |      29 |       2 |   6.5
        D:3 |      50 |       0 |   0.0 |       7 |       0 |   0.0
            +---------+---------+-------+---------+---------+-------

Illustrated notes

Table legend:
 A = Kills in this place as a percentage of kills in entire the game.
 B = Kills by you in this place as a percentage of kills by you in the entire game.
 C = Kills by friends in this place as a percentage of kills by friends in the entire game.
 D = Other kills in this place as a percentage of other kills in the entire game.
 E = Experience gained in this place as a percentage of experience gained in the entire game.
 F = Experience gained in this place divided by the number of levels of this place that you have seen.
                   A       B       C       D       E      F
               +-------+-------+-------+-------+-------+----------------------
         Total | 100.0 | 100.0 |   N/A |   N/A | 100.0 |  81.7
       Dungeon | 100.0 | 100.0 |   N/A |   N/A | 100.0 |  81.7
               +-------+-------+-------+-------+-------+----------------------

Table legend: (Time is in decaauts)
 A = Elapsed time spent in this place.
 B = Non-inter-level travel time spent in this place.
 C = Inter-level travel time spent in this place.
 D = Time resting spent in this place.
 E = Time spent auto-exploring this place.
 F = Levels seen in this place.
 G = Mean time per level.
                   A        B        C        D        E       F      G
               +--------+--------+--------+--------+--------+-----+--------+
         Total |   2240 |   2218 |     22 |      2 |   1758 |   3 |  746.7 |
       Dungeon |   2240 |   2218 |     22 |      2 |   1758 |   3 |  746.7 |
               +--------+--------+--------+--------+--------+-----+--------+

Top non-repeatable levels by time:
     D:2: 1079 daAuts
     D:1: 849 daAuts
     D:3: 311 daAuts
